 Dungeon Crawl Stone Soup version 0.26-a0-244-g083ca260ac (webtiles) character file.

Game seed: 6537841788680826986

28 BritishOli the Slasher (level 3, 23/28 HPs)
             Began as a Demonspawn Gladiator on July 8, 2020.
             Quit the game on level 2 of the Dungeon.
             The game lasted 00:00:40 (613 turns).

BritishOli the Slasher (Demonspawn Gladiator)        Turns: 613, Time: 00:00:40

Health: 23/28      AC:  7    Str: 15    XL:     3   Next: 0%
Magic:  3/3        EV: 10    Int:  9    God:
Gold:   61         SH:  0    Dex: 14    Spells: 2/2 levels left

rFire    . . .     SeeInvis .   a - +0 long sword
rCold    . . .     Faith    .   (no shield)
rNeg     . . .     Spirit   .   g - +0 scale mail
rPois    .         Reflect  .   c - +0 helmet
rElec    .         Harm     .   (no cloak)
rCorr    .                      (no gloves)
MR       .....                  (no boots)
Stlth    +.........             (no amulet)
HPRegen  0.09/turn              (no ring)
MPRegen  0.08/turn              (no ring)

@: no status effects
A: claws 1, nightstalker 1
a: no special abilities


You were on level 2 of the Dungeon.
You were not hungry.

You visited 1 branch of the dungeon, and saw 2 of its levels.

You collected 61 gold pieces.

Inventory:

Hand Weapons
 a - a +0 long sword (weapon)
Missiles
 d - 3 throwing nets (quivered)
Armour
 b - a +0 leather armour
 c - a +0 helmet (worn)
 g - a +0 scale mail (worn)
Scrolls
 e - a scroll of immolation {unknown}
 j - a scroll of teleportation {unknown}
Potions
 h - a potion of magic {unknown}
 i - a potion of mutation {unknown}
Comestibles
 f - a ration


   Skills:
 + Level 2.3 Fighting
 + Level 2.9 Long Blades
 + Level 2.1 Throwing
 + Level 0.9 Armour
 + Level 2.9 Dodging


You had 2 spell levels left.
You didn't know any spells.
Your spell library was empty.

Dungeon Overview and Level Annotations

Branches:
Dungeon (2/15)

Altars:


Innate Abilities, Weirdness & Mutations

You have sharp fingernails.
You are slightly more attuned to the shadows.


Message History

A kobold is nearby!
You closely miss the kobold.
The kobold is moderately wounded.
The kobold hits you.
A kobold is nearby!
You closely miss the kobold.
The kobold is moderately wounded.
The kobold hits you but does no damage.
A kobold is nearby!
A kobold is nearby!
You hit the kobold.
You kill the kobold!
You have reached level 3!
Your experience leads to an increase in your attributes!
Increase (S)trength, (I)ntelligence, or (D)exterity?
You feel stronger.
Your demonic ancestry asserts itself...
You slip into the darkness of the dungeon.
Quiver which item? (- for none, * to show all) (? for menu, Esc to quit)
Okay, then.
Are you sure you want to abandon this character and quit the game? (Confirm with "yes".)

. #...... #!.!...
######
#.......##....#
##............#
.......###....###
........##<†....#
....<.(†##......#
.......@##......#
........(.......#
........##..<...#
#>......##......#
#.###.#####..####
. #. #..# #. #..#
.. ..# .#


There were no monsters in sight!

Vanquished Creatures
  A gnoll (D:1)
  2 giant cockroaches (D:1)
  4 goblins (D:1)
  A hobgoblin (D:1)
  4 kobolds
  3 bats
  3 frilled lizards
  A rat (D:2)
19 creatures vanquished.

Notes
Turn   | Place    | Note
-------+----------+-------------------------------------------
     0 | D:1      | BritishOli the Demonspawn Gladiator began the quest for the
                  | Orb.
     0 | D:1      | Reached XP level 1. HP: 16/16 MP: 1/1
   276 | D:1      | Gained mutation: You have sharp fingernails. [demonic
                  | ancestry]
   276 | D:1      | Reached XP level 2. HP: 22/22 MP: 2/2
   612 | D:2      | Gained mutation: You are slightly more attuned to the
                  | shadows. [demonic ancestry]
   612 | D:2      | Reached XP level 3. HP: 23/28 MP: 3/3
   613 | D:2      | Quit the game

Illustrated notes

Levels and vault maps discovered:
D:1:      dpeg_arrival_rooms_a, layout_rooms, kennysheep_doodads
D:2:      layout_rooms, lemuel_doored_altar

Skill      XL: |  1  2 |
---------------+-------+-----
Throwing       | 2 |  2.1
Fighting       | |  2.3
Long Blades    | |  2.9
Armour         | |  0.9
Dodging        | |  2.9

Action                   || total
-------------------------++-------
Melee: Long sword        ||    43
Armor: Scale mail        ||    23
       Leather armour    ||     3
Dodge: Dodged            ||    31
       Rpst.: Long sword ||    11

Table legend:
 A = Non-vault XP
 B = Vault XP
 C = Vault XP percentage of total XP
 D = Non-vault monster count
 E = Vault monster count
 F = Vault count percentage of total count
                 A         B        C        D         E       F
            +---------+---------+-------+---------+---------+-------
      Total |      41 |       0 |   0.0 |      19 |       0 |   0.0
            +---------+---------+-------+---------+---------+-------
        D:1 |      35 |       0 |   0.0 |      14 |       0 |   0.0
        D:2 |       6 |       0 |   0.0 |       5 |       0 |   0.0
            +---------+---------+-------+---------+---------+-------
